Description

test

Build Order

Get SALT Encoding   

  12  0:00  Probe  
  13  0:13  Probe  
  14  0:19  Pylon  
  14  0:25  Probe (Chrono Boost)  
  15  0:39  Probe x2 (Chrono Boost)  
  15  0:45  Gateway  
  16  0:50  Assimilator  
  17  0:55  Probe  
  18  1:10  Probe  
  19  1:20  Probe  
  20  1:30  Nexus  
  20  1:40  Cybernetics Core  
  20  1:45  Probe  
  21  1:50  Assimilator  
  21  1:55  Probe  
  22  2:00  Pylon  
  23  2:15  Warp Gate  
  23  2:20  Adept (Chrono Boost)  
  27  2:40  Stargate  
  27  2:45  Adept  
  35  3:17  Oracle (Chrono Boost)  
  36  3:20  Pylon  
  41  3:25  Gateway  
  42  3:35  Assimilator x2  
  43  3:40  Pylon  
  32  3:45  Phoenix (Chrono Boost)  
  47  3:55  Pylon  
  49  4:00  Oracle (Chrono Boost)  
  55  4:25  Adept  
  55  4:30  Adept  
  60  4:40  Oracle  
  67  4:50  Sentry x2  
  67  4:55  Nexus  
  72  5:10  Robotics Facility x2  
  72  5:20  Oracle  
  77  5:30  Sentry  
  83  5:45  Gateway x3  
  83  5:55  Gateway  
  83  6:00  Immortal (Chrono Boost)  
  87  6:05  Immortal (Chrono Boost)  
  96  6:20  Twilight Council  
  96  6:25  Forge  
  100  6:30  Immortal x2 (Chrono Boost)  
  106  6:46  Sentry x2  
  112  6:50  Assimilator x2  
  114  6:58  Templar Archives  
  114  7:01  Immortal (Chrono Boost)  
  115  7:07  Immortal (Chrono Boost)  
  126  7:25  Zealot x3  
Spawning Tool Build Advisor. Get it on Overwolf

Analysis

test

Go to:

Details

  • Created by: eXon
  • Published on: Apr 21, 2018
  • Modified on: Apr 21, 2018
  • Patch: 4.0.0
Show
View Real Time Build Order
Export as new Build Order

Comments (0)

There are no comments. Be the first!

Create an account to comment!